AoeStats
← Alexspiration

Arena

507537675Analyzed
4v4 RM · 15d ago on Sep 18, 2026· 40m 46s· 8 players
Game mode
Random Map
Map size
Large (8 player)
Population
200
Speed
Normal
Resources
Standard
Victory
Conquest
Starting age
Dark Age
Ending age
Imperial Age
RankedLock teamsTeams togetherTeam positionsShared explorationLock speedFull tech treeHidden civsTurbo modeCheats
Victory
Defeat
🇳🇴 Wei · Norway
1524
+14
🇩🇪 Bengalis · Germany
1504
+15
🇫🇷 Slavs · France
1500
+15
🇩🇪 Celts · Germany
1469
+17
🇮🇹 Turks · Italy
1551
-18
🇨🇴 Dravidians · Colombia
1471
-15
🇬🇧 Chinese · United Kingdom
1462
-14
🇷🇺 Georgians · Russia
1458
-14
Wizo
10:37 Feudal Age
14:12 Castle Age
12:47 Double-Bit Axe
16:05 Wheelbarrow
15:43 Bow Saw
15:40 Horse Collar
20:35 Wheelbarrow
21:59 Fletching
22:37 Loom
23:08 Bodkin Arrow
23:45 Hand Cart
31:00 Imperial Age
29:34 Scale Barding Armor
30:37 Chain Barding Armor
31:43 Forging
32:40 Plate Barding Armor
32:26 Conscription
33:13 Iron Casting
33:36 Elite Boyar
35:22 Light Cavalry
36:13 Bloodlines
35:29 Cavalier
36:10 Husbandry
Alexspiration
9:54 Feudal Age
13:50 Castle Age
11:42 Double-Bit Axe
12:02 Horse Collar
12:35 Gold Mining
22:24 Wheelbarrow
22:08 Loom
27:08 Imperial Age
25:05 Hand Cart
25:16 Stone Mining
26:01 Bow Saw
26:17 Scale Mail Armor
26:27 Forging
26:13 Town Watch
26:31 Heavy Plow
26:57 Fletching
27:26 Chain Mail Armor
28:04 Ballistics
28:05 Chain Mail Armor
28:25 Iron Casting
28:56 Chemistry
27:36 Heavy Scorpion
28:40 Conscription
28:05 Pikeman
29:25 Plate Mail Armor
29:40 Ballistics
29:06 Halberdier
29:32 Gambesons
31:47 Blast Furnace
32:01 Furor Celtica
32:46 Siege Engineers
33:22 Stronghold
33:43 Treadmill Crane
34:14 Masonry
37:00 Murder Holes
36:57 Fletching
37:37 Arson
39:21 Bodkin Arrow
39:40 Fortified Wall
daMastah2
10:31 Feudal Age
11:54 Double-Bit Axe
14:35 Castle Age
13:14 Horse Collar
15:54 Bow Saw
15:47 Heavy Plow
20:02 Gold Mining
20:05 Stone Mining
20:42 Gold Mining
22:48 Gold Shaft Mining
23:47 Stone Shaft Mining
23:32 Loom
24:23 Wheelbarrow
23:38 Town Watch
25:15 Fletching
28:27 Imperial Age
26:09 Fervor
27:38 Scale Barding Armor
27:43 Forging
28:40 Chain Barding Armor
28:35 Elite Tiger Cavalry
29:39 Conscription
29:55 Iron Casting
30:08 Crop Rotation
29:47 Bodkin Arrow
30:32 Husbandry
30:43 Bloodlines
31:19 Coinage
30:27 Capped Ram
31:52 Siege Ram
33:52 Blast Furnace
33:39 Hand Cart
34:29 Ming Guang Armor
35:01 Bracer
35:53 Ballistics
35:14 Treadmill Crane
37:50 Banking
38:22 Chemistry
37:33 Masonry
37:19 Murder Holes
37:36 Fortified Wall
37:29 Tuntian
38:13 Hoardings
PanicWaller
8:50 Loom
10:37 Feudal Age
15:17 Castle Age
14:20 Double-Bit Axe
34:25 Horse Collar
37:43 Bow Saw
38:58 Wheelbarrow
42:15 Imperial Age
39:57 Heavy Plow
39:53 Gold Mining
40:21 Hand Cart
Lishen
0:25 Loom
9:20 Feudal Age
13:41 Castle Age
13:01 Double-Bit Axe
13:14 Horse Collar
14:55 Scale Barding Armor
18:13 Bloodlines
22:23 Husbandry
22:45 Chain Barding Armor
23:42 Forging
30:48 Wheelbarrow
31:26 Iron Casting
34:01 Imperial Age
33:39 Bow Saw
33:30 Heavy Plow
34:45 Cavalier
36:38 Hand Cart
38:17 Blast Furnace
EVA | luxfma
11:07 Feudal Age
15:16 Castle Age
13:21 Double-Bit Axe
13:16 Horse Collar
20:27 Wheelbarrow
21:46 Padded Archer Armor
29:29 Imperial Age
26:45 Loom
28:11 Gold Mining
30:03 Leather Archer Armor
30:55 Conscription
33:39 Artillery
35:35 Elite Janissary
36:56 Town Watch
39:44 Bow Saw
39:37 Heavy Plow
[MLTS] RKotzen
5:31 Loom
8:05 Feudal Age
8:53 Double-Bit Axe
9:31 Fletching
13:48 Horse Collar
24:44 Castle Age
25:24 Bodkin Arrow
26:54 Bow Saw
26:44 Heavy Plow
27:24 Wheelbarrow
27:28 Town Watch
30:14 Gold Mining
31:19 Scale Mail Armor
31:30 Forging
30:42 Pikeman
31:22 Squires
32:45 Chain Mail Armor
38:50 Iron Casting
Moonka
10:14 Feudal Age
10:44 Feudal Age
14:39 Castle Age
12:36 Double-Bit Axe
12:43 Horse Collar
15:34 Bow Saw
15:25 Heavy Plow
16:28 Fervor
19:12 Wheelbarrow
21:47 Gold Mining
21:48 Stone Mining
23:27 Hand Cart
26:14 Stone Shaft Mining
25:44 Scale Barding Armor
25:49 Forging
28:30 Imperial Age
25:47 Loom
27:33 Chain Barding Armor
28:26 Iron Casting
28:18 Treadmill Crane
29:52 Crop Rotation
29:40 Bloodlines
29:30 Husbandry
29:32 Elite Monaspa
30:33 Conscription
30:48 Plate Barding Armor
31:21 Blast Furnace
31:06 Fletching
31:38 Ballistics
33:29 Chemistry
33:00 Siege Engineers
33:06 Masonry
32:42 Arrowslits
32:53 Murder Holes
34:51 Svan Towers
35:26 Hoardings
35:19 Bodkin Arrow
35:16 Guard Tower
36:46 Bracer
38:35 Keep
38:31 Architecture
39:32 Coinage
39:03 Caravan
39:14 Guilds
41:01 Aznauri Cavalry
Connection lost

Rejoining the realm…

Still unreachable

The connection could not be restored.

Session expired

The server has moved on; the page needs a fresh start.